 Dungeon Crawl Stone Soup version 0.27-a0-1500-g450c7e4133 (webtiles) character file.

Game seed: 11946895388539178562

116 Dittersdorf the Skirmisher (level 5, -1/33 HPs)
             Began as a Gargoyle Fighter on July 7, 2021.
             Splashed by a jelly's acid (3 damage)
             ... on level 2 of the Dungeon.
             The game lasted 00:01:10 (1481 turns).

Dittersdorf the Skirmisher (Gargoyle Fighter)       Turns: 1481, Time: 00:01:11

Health: -1/33      AC:  7    Str: 21    XL:     5   Next: 1%
Magic:  5/5        EV:  7    Int:  8    God:
Gold:   59         SH:  9    Dex:  9    Spells: 4/4 levels left

rFire    . . .     SeeInvis .   a - +0 flail
rCold    . . .     Faith    .   c - +0 kite shield
rNeg     + . .     Spirit   .   b - +0 scale mail
rPois    ∞         Reflect  .   (no helmet)
rElec    +         Harm     .   (no cloak)
rCorr    .         Rampage  .   (no gloves)
Will     .....                  (no boots)
Stlth    ..........             (no amulet)
HPRegen  0.11/turn              (no ring)
MPRegen  0.09/turn              (no ring)

@: corroded
A: sickness immunity, AC +4, negative energy resistance 1, electricity
resistance, torment resistance 1, petrification resistance
a: no special abilities


You were on level 2 of the Dungeon.
You visited 1 branch of the dungeon, and saw 2 of its levels.

You collected 59 gold pieces.

Inventory:

Hand Weapons
 a - a +0 flail (weapon)
Missiles
 i - 22 poisoned darts (quivered)
Armour
 b - a +0 scale mail (worn)
 c - a +0 kite shield (worn)
Scrolls
 g - 2 scrolls of identify {unknown}
 j - 2 scrolls of teleportation {unknown}
 k - a scroll of holy word {unknown}
Potions
 d - 3 potions of might
 e - a potion of lignification {unknown}
 f - a potion of curing {unknown}
 h - a potion of haste {unknown}


   Skills:
 + Level 4.2 Fighting
 + Level 3.0 Maces & Flails
 + Level 4.1 Armour
 + Level 4.1 Shields


You had 4 spell levels left.
You didn't know any spells.
Your spell library was empty.

Dungeon Overview and Level Annotations

Branches:
Dungeon (2/15)

Altars:
The Shining One


Innate Abilities, Weirdness & Mutations

You are immune to sickness and miasma.
Your stone body is resilient. (AC +4)
You are immune to poison.
You resist negative energy. (rN+)
You are resistant to electric shocks. (rElec)
You are resistant to unholy torment.
You are immune to petrification.


Message History

No target in view!
No target in view!
No target in view!
No target in view!
No target in view!
No target in view!
No target in view!
No target in view!
No target in view!
No target in view!
You start resting.
A jelly is nearby!
You hit the jelly. The acid corrodes you!
Your hands burn!
The jelly is lightly wounded.
The jelly hits you but does no damage. x2
The jelly quivers.
You hit the jelly but do no damage.
Your hands burn!
The jelly is lightly wounded.
You block the jelly's attack.
You hit the jelly.
Your hands burn!
The jelly is moderately wounded.
The jelly barely misses you.
You sock the jelly!
Your hands burn!
The jelly is almost dead.
The jelly barely misses you. You block the jelly's attack.
You sock the jelly!
You kill the jelly!
The jelly barely misses you.
Your Maces & Flails skill increases to level 3!
You have reached level 5!
You hit the jelly. The acid corrodes you!
Your hands burn!
* * * LOW HITPOINT WARNING * * *
The jelly is moderately wounded.
The jelly closely misses you.
You hit the jelly.
Your hands burn!
* * * LOW HITPOINT WARNING * * *
The jelly is heavily wounded.
The jelly barely misses you. x2
You hit the jelly but do no damage.
Your hands burn!
You die...

# #.# ########## ##...###### #
#.# #.÷...÷.P! #.......... #
#.# #.J...P... ##...###### #
#.# #.PJ..J..÷ ##.######. # #..
#.P.P.J÷PJ ####....# #
#.J.P.P.P. #.###. # #####
#.÷.PJPJJ. # ## ###...##
#'####### ###.######. ##.....#
##.J@...## ..........
.......#### ########.##
#.#...... ##........#
#....'..###.#........
##...##### #....####
#.#.#.##.## ##.## #.......##
#.......#
##.########.......##.##...#####
#....)...##.......##..........#
#..########.......#####...###.#
###..# ##.....## #....#


You could see a jelly.

Vanquished Creatures
  2 jellies (D:2)
  An adder (D:2)
  A dart slug (D:2)
  6 endoplasms
  2 giant cockroaches (D:1)
  A goblin (D:1)
  4 hobgoblins (D:1)
  7 jackals (D:2)
  10 kobolds
  A quokka (D:2)
  2 ball pythons (D:1)
  5 bats
  2 frilled lizards
44 creatures vanquished.

Vanquished Creatures (others)
  7 fungi (D:2)
  5 toadstools (D:2)
12 creatures vanquished.

Grand Total: 56 creatures vanquished

Notes
Turn   | Place    | Note
-------+----------+-------------------------------------------
     0 | D:1      | Dittersdorf the Gargoyle Fighter began the quest for the
                  | Orb.
     0 | D:1      | Reached XP level 1. HP: 14/14 MP: 1/1
   210 | D:1      | Reached XP level 2. HP: 19/19 MP: 2/2
   932 | D:2      | Reached XP level 3. HP: 24/24 MP: 3/3
  1166 | D:2      | Found a glowing golden altar of the Shining One.
  1460 | D:2      | Reached XP level 4. HP: 22/29 MP: 4/4
  1479 | D:2      | Reached XP level 5. HP: 11/33 MP: 5/5
  1481 | D:2      | Splashed by a jelly's acid

Illustrated notes

Levels and vault maps discovered:
D:1:      dpeg_arrival_renting, layout_basic, solitary_fountain, st_stairs_14
D:2:      cheibrodos_fertilizer, layout_loops_ring, basic_altar,
          hellmonk_ecumenical_altar_the_god_not_taken

Skill      XL: |  1  2  3  4 |
---------------+-------------+-----
Fighting       | 4 |  4.2
Armour         | 4 |  4.1
Shields        | 4 |  4.1
Maces & Flails | 3 |  3.0

Action                   |  1- 3 |  4- 6 || total
-------------------------+-------+-------++-------
Melee: Flail             |   131 |    14 ||   145
Armor: Scale mail        |    86 |     4 ||    90
Dodge: Dodged            |    56 |     7 ||    63
Block: Kite shield       |    66 |     2 ||    68

Table legend: (Time is in decaauts)
 A = Elapsed time spent in this place.
 B = Non-inter-level travel time spent in this place.
 C = Inter-level travel time spent in this place.
 D = Time resting spent in this place.
 E = Time spent auto-exploring this place.
 F = Levels seen in this place.
 G = Mean time per level.
                   A        B        C        D        E       F      G
               +--------+--------+--------+--------+--------+-----+--------+
         Total |   1554 |   1519 |     35 |      5 |   1195 |   2 |  777.0 |
       Dungeon |   1554 |   1519 |     35 |      5 |   1195 |   2 |  777.0 |
               +--------+--------+--------+--------+--------+-----+--------+

Top non-repeatable levels by time:
     D:1: 830 daAuts
     D:2: 723 daAuts
